AoeStats
← lhansen576

Arabia

504235983Analyzed
1v1 RM · 29d ago on Sep 4, 2026· 29m 48s· 2 players
Game mode
Random Map
Map size
Tiny (2 player)
Population
200
Speed
Normal
Resources
Standard
Victory
Conquest
Starting age
Dark Age
Ending age
Imperial Age
RankedLock teamsTeams togetherTeam positionsShared explorationLock speedFull tech treeHidden civsTurbo modeCheats
Victory
Defeat
🇩🇪 Malians · Germany
1003
+16
🇺🇸 Inca · United States
994
-16
lhansen576
10:41 Feudal Age
8:58 Loom
11:11 Double-Bit Axe
11:09 Horse Collar
11:07 Champi Runner
12:03 Gold Mining
12:34 Scale Mail Armor
13:59 Forging
17:39 Fletching
23:52 Castle Age
22:12 Stone Mining
23:08 Padded Archer Armor
24:49 Bow Saw
24:42 Heavy Plow
24:07 Pikeman
24:54 Champi Warrior
25:35 Squires
27:09 Wheelbarrow
27:36 Sanctity
27:30 Crossbowman
PatoNotADuckThough
6:08 Loom
9:50 Feudal Age
11:03 Double-Bit Axe
12:31 Fletching
14:12 Padded Archer Armor
16:18 Wheelbarrow
20:50 Castle Age
19:40 Forging
19:30 Scale Mail Armor
20:14 Horse Collar
26:00 Iron Casting
25:41 Chain Mail Armor
Connection lost

Rejoining the realm…

Still unreachable

The connection could not be restored.

Session expired

The server has moved on; the page needs a fresh start.